 Dungeon Crawl Stone Soup version 0.29-a0-323-g050149af67 (webtiles) character file.

Game seed: 14854385692179279763

1307 spaghetti the Nimble (level 8, 0/56 HPs)
             Began as a Djinni Berserker on Apr 11, 2022.
             Was a Believer of Trog.
             Slain by an orc warrior
             ... wielding a +0 war axe
              (20 damage)
             ... on level 6 of the Dungeon.
             The game lasted 00:06:25 (5253 turns).

spaghetti the Nimble (Djinni Berserker)             Turns: 5253, Time: 00:06:25

Health: 0/56       AC:  5    Str: 17 (18) XL:     8   Next: 88%
Gold:   362        EV: 14    Int:  8 (10) God:    Trog [**....] SH:  0 Dex: 10 (12)

rFire   + + .      SeeInvis .     - Unarmed
rCold   . . .      Faith    .   (no shield)
rNeg    + . .      Spirit   .   a - +0 animal skin
rPois   ∞          Reflect  .   (no helmet)
rElec   .          Harm     .   F - +0 cloak
rCorr   .          Rampage  .   s - +1 pair of gloves
Will    .....                   (boots unavailable)
Stlth   +.........              v - amulet of regeneration {@e2}
HPRegen 0.98/turn               u - ring of positive energy
MPRegen 0.00/turn               z - ring of protection from cold

@: on berserk cooldown, flying
A: sickness immunity, fire resistance 2, cold vulnerability 1, float, innate
caster, HP casting, extra vitality 1
a: Renounce Religion, Berserk, Trog's Hand


You were on level 6 of the Dungeon.
You worshipped Trog.
Trog was pleased with you.
You visited 1 branch of the dungeon, and saw 6 of its levels.

You collected 362 gold pieces.


Innate Abilities, Weirdness & Mutations

You are immune to sickness and miasma.
You are immune to poison.
Your flesh is very heat resistant. (rF++)
You are vulnerable to cold. (rC-)
You float through the air rather than walking.
You learn spells naturally, not from books.
Your magical power is your life essence.
You have superior vitality. (+4 MHP)


   Skills:
 - Level 3.0 Fighting
 - Level 2.0 Armour
 + Level 8.1 Dodging
 + Level 7.8 Unarmed Combat


You had one spell level left.
You knew the following spells:

 Your Spells              Type           Power      Damage    Failure   Level
a - Beastly Appendage     Tmut           0%         N/A       41%         1
b - Wereblood             Tmut           0%         N/A       54%         2
c - Gell's Gravitas       Tloc           0%         N/A       78%         3
Your spell library was empty.

Inventory:

Missiles
 g - 165 stones (quivered) {throwing}
 m - 4 boomerangs {throwing}
Armour
 a - a +0 animal skin (worn)
 d - a +0 pair of gloves
   (You found it on level 1 of the Dungeon)
 s - a +1 pair of gloves (worn)
   (You found it on level 3 of the Dungeon)
 F - a +0 cloak (worn)
   (You took it off Crazy Yiuf on level 5 of the Dungeon)
Magical Staves
 l - a staff of conjuration {forbidden!a@e2staff}
   (You found it on level 2 of the Dungeon)
 A - a staff of cold {forbidden!astaff}
   (You found it on level 4 of the Dungeon)
Jewellery
 u - a ring of positive energy (left hand)
   (You found it on level 4 of the Dungeon)
 v - an amulet of regeneration (around neck) {@e2}
   (You found it on level 4 of the Dungeon)
 z - a ring of protection from cold (right hand)
   (You found it on level 4 of the Dungeon)
Wands
 b - a wand of digging (3)
   (You found it on level 5 of the Dungeon)
 n - a wand of iceblast (9)
   (You found it on level 2 of the Dungeon)
 t - a wand of mindburst (6)
   (You took it off Ijyb on level 3 of the Dungeon)
 C - a wand of acid (11)
   (You found it on level 5 of the Dungeon)
Scrolls
 c - 2 scrolls of holy word
 e - a scroll of fog
 p - 2 scrolls of teleportation {@r4}
 q - 2 scrolls of vulnerability {!r!r}
 w - a scroll of enchant armour
 y - 2 scrolls of immolation {!r!r}
 D - a scroll of noise {unknown}
 E - a scroll of magic mapping {unknown}
Potions
 f - 6 potions of heal wounds {@q2}
 h - 2 potions of degeneration {!q@e2}
 j - a potion of flight
 k - 2 potions of mutation {unknown}
 o - a potion of brilliance {unknown}
 r - a potion of magic {unknown}
 x - a potion of attraction {unknown}
 B - 3 potions of curing {unknown}

Dungeon Overview and Level Annotations

Branches:
Dungeon (6/15)             Temple (0/1) D:6

Altars:
Ru

Shops:
D:4

( #. #. ##### #. ##
##...## #.###..
##.....## ....
#.......###.#
#...........#######.#
#.......###..@o......
#####..)..##
#.#o)......
...).....##
#.#.####..#
########## #.#.# # #
#.#.# # #.#.#
########### #.#.#
..........# #.#.#
#########.#


You could see an orc warrior and an orc priest.


Message History

😕 HP[-2]
You take 2 damage, and now have 50/56 hp.
Unknown command.
It was a potion of ambrosia.
You are confused.
You feel invigorated.
Dowan shakes with grief.
Dowan casts a spell.
Dowan blinks! 😕 HP[+5]
You regained 5 hp, and now have 55/56 hp.
Unknown command.
You feel less invigorated.
You feel less confused.
Dowan mumbles some strange words.
Dowan blinks! 😎 HP[+1]
Your hp is fully restored (56).
Dowan hits you with a +0 dagger of venom. 😕 HP[-4]
You take 4 damage, and now have 52/56 hp.
Unknown command.
Unknown command.
You punch Dowan!
Dowan hits you with a +0 dagger of venom.
Dowan misses you.
Unknown command.
You hit Dowan.
Dowan hits you but does no damage. x2 😕 HP[+1]
You miss Dowan.
Dowan hits you with a +0 dagger of venom.
Dowan closely misses you. 😕 HP[-1]
You take 1 damage, and now have 52/56 hp.
You punch Dowan!
You kill Dowan!
Trog accepts your kill.
Trog appreciates your killing of a magic user. 😕 HP[+1]
Things that are here:
a +0 dagger of venom {short}; a +0 robe; the elf corpse of Dowan 😕 HP[+1]
You start resting. 😎 HP[+2]
Your hp is fully restored (56).
Unknown command.
Unknown command.
An orc comes into view. It is wielding a +0 hand axe.
An orc is nearby!
An orc is nearby!
An orc is nearby!
An orc is nearby!
An orc warrior comes into view.
It is wielding a +0 war axe and quivering boomerangs of dispersal.
The orc shouts!
An orc priest comes into view. It is wielding a +0 hand axe.
The orc warrior shouts!
The orc hits you with a +0 hand axe. 😕 HP[-3]
You take 3 damage, and now have 53/56 hp.
You are too injured to fight recklessly!
You are too injured to fight recklessly!
You are too injured to fight recklessly!
You are too injured to fight recklessly!
You are too injured to fight recklessly!
You are too injured to fight recklessly!
You are too injured to fight recklessly!
You are too injured to fight recklessly!
You are too injured to fight recklessly!
You are too injured to fight recklessly!
You are too injured to fight recklessly!
You are too injured to fight recklessly!
You are too injured to fight recklessly!
Unknown command.
You punch the orc!
You kill the orc!
Trog accepts your kill.
The orc warrior hits you with a +0 war axe!
The orc priest completely misses you.
The orc warrior hits you with a +0 war axe! 😮 HP[-21]
You take 21 damage, and now have 32/56 hp.
MASSIVE DAMAGE!! (PAUSE)
You punch the orc priest! The orc priest completely misses you.
The orc warrior hits you with a +0 war axe.
* * * LOW HITPOINT WARNING * * *
😨 HP[-4]
You take 4 damage, and now have 28/56 hp.
You closely miss the orc priest.
The orc priest calls down the wrath of Beogh upon you.
Beogh smites you!
* * * LOW HITPOINT WARNING * * *
The orc warrior barely misses you. 😨 HP[-9]
You take 9 damage, and now have 19/56 hp.
It was a potion of flight.
You feel more buoyant.
You feel yourself speed up. The orc priest closely misses you.
The orc warrior completely misses you.
The orc priest looks braver for a moment.
The orc warrior hits you with a +0 war axe!!
You die...

Skill      XL: |  1  2  3  4  5  6  7  8 |
---------------+-------------------------+-----
Dodging        | 3 5 6 8 |  8.1
Unarmed Combat | 5 6 7 |  7.8
Fighting       | |  3.0
Armour         | |  2.0

Action                   |  1- 3 |  4- 6 |  7- 9 || total
-------------------------+-------+-------+-------++-------
Melee: Unarmed           |    94 |    49 |   180 ||   323
       Punch             |     1 |     2 |     7 ||    10
Invok: Berserk           |     1 |     2 |     7 ||    10
  Use: Scroll            |       |       |     8 ||     8
       Potion            |       |       |     3 ||     3
 Stab: Sleeping          |     2 |       |     2 ||     4
Armor: Animal skin       |    23 |     6 |    24 ||    53
Dodge: Dodged            |    45 |    10 |    97 ||   152

Levels and vault maps discovered:
D:1:      dpeg_arrival_round_a, layout_basic
D:2:      layout_basic, chequers_ecumenical_altar_simple, minmay_cut_off
D:3:      layout_basic, uniq_grinder, uniq_ijyb, uniq_natasha
D:4:      layout_basic, overflow_temple_1_default, serial_shops,
          nicolae_shop_advertising_works [nicolae_subvault_shop_adworks]
D:5:      cheibrodos_iron_armory, layout_rooms, grunt_decor_arrowhead,
          uniq_crazy_yiuf_cottage
D:6:      layout_loops_ring, mainiacjoe_overflow_catwalk,
          minmay_temple_entry_enclosed_plants, uniq_duvessa

Notes
Turn   | Place    | Note
-------+----------+-------------------------------------------
     0 | D:1      | spaghetti the Djinni Berserker began the quest for the Orb.
     0 | D:1      | Reached XP level 1. HP: 20/20 MP: 0/0
     0 | D:1      | magus.rc [v1.9.6]
   373 | D:1      | Reached XP level 2. HP: 21/25 MP: 0/0
   948 | D:1      | Reached skill level 3 in Dodging
   948 | D:1      | Reached XP level 3. HP: 29/30 MP: 0/0
   948 | D:1      | Learned a level 1 spell: Beastly Appendage
  1276 | D:1      | You are sucked into a shaft and drop 1 floor!
  1404 | D:2      | Found a faded altar of an unknown god.
  1409 | D:2      | Reached ** piety under Trog
  1893 | D:2      | Got the Collected Works on the Poisonous Escort {forbidden}
  1932 | D:3      | Noticed Grinder
  1942 | D:3      | Killed Grinder
  1943 | D:3      | Reached skill level 5 in Dodging
  1943 | D:3      | Reached skill level 5 in Unarmed Combat
  1943 | D:3      | Reached XP level 4. HP: 35/35 MP: 0/0
  1943 | D:3      | Reached XP level 5. HP: 40/40 MP: 0/0
  1943 | D:3      | Learned a level 2 spell: Wereblood
  1943 | D:3      | Reached XP level 6. HP: 46/46 MP: 0/0
  2148 | D:3      | Noticed Natasha
  2162 | D:3      | Killed Natasha
  2365 | D:3      | Noticed an orc warrior
  2377 | D:3      | HP: 14/69 [orc warrior/+0 war axe (9)]
  2381 | D:3      | Killed an orc warrior
  2382 | D:3      | HP: 5/69 [orc/+0 hand axe (5)]
  2553 | D:3      | Reached XP level 7. HP: 21/50 MP: 0/0
  2553 | D:3      | Learned a level 3 spell: Gell's Gravitas
  3077 | D:3      | Noticed Natasha
  3086 | D:3      | Killed Natasha
  3201 | D:3      | Noticed Ijyb
  3209 | D:3      | Killed Ijyb
  3592 | D:4      | Reached skill level 6 in Dodging
  3789 | D:4      | Found Ystuv's Weapon Boutique.
  3796 | D:4      | Reached skill level 6 in Unarmed Combat
  3994 | D:4      | Found a sacrificial altar of Ru.
  4495 | D:5      | Entered Level 5 of the Dungeon
  4592 | D:5      | Reached XP level 8. HP: 56/56 MP: 0/0
  4751 | D:5      | Reached skill level 7 in Dodging
  4798 | D:5      | Reached skill level 7 in Unarmed Combat
  5047 | D:5      | Found a runed translucent door.
  5048 | D:5      | Noticed Crazy Yiuf
  5114 | D:5      | Killed Crazy Yiuf
  5163 | D:6      | Found a staircase to the Ecumenical Temple.
  5213 | D:6      | Noticed Duvessa
  5215 | D:6      | Noticed Dowan
  5225 | D:6      | Killed Duvessa
  5226 | D:6      | Reached skill level 8 in Dodging
  5238 | D:6      | Killed Dowan
  5253 | D:6      | Slain by an orc warrior

Vanquished Creatures
  Grinder (D:3)
  Duvessa (D:6)
  An orc warrior (D:3)
  An ice beast (D:5)
  A phantom (D:5)
  A necrophage (D:5)
  2 scorpions
  Dowan (D:6)
  Crazy Yiuf (D:5)
  2 orc priests
  2 hounds
  A jelly (D:5)
  Ijyb (D:3)
  5 orc wizards
  Natasha (twice) (D:3)
  3 adders (D:5)
  3 gnolls (D:4)
  An ufetubus (D:4)
  A worm (D:4)
  2 dart slugs
  12 orcs
  9 endoplasms
  2 giant cockroaches
  2 goblins
  2 hobgoblins
  A quokka (D:2)
  6 ball pythons
  6 bats
  5 frilled lizards
  3 kobolds
  3 rats
84 creatures vanquished.

Table legend:
 A = Non-vault XP
 B = Vault XP
 C = Vault XP percentage of total XP
 D = Non-vault monster count
 E = Vault monster count
 F = Vault count percentage of total count
                 A         B        C        D         E       F
            +---------+---------+-------+---------+---------+-------
      Total |    1244 |     624 |  33.4 |      76 |       8 |   9.5
            +---------+---------+-------+---------+---------+-------
        D:1 |      26 |       0 |   0.0 |      17 |       0 |   0.0
        D:2 |      19 |       3 |  13.6 |      12 |       2 |  14.3
        D:3 |     218 |     361 |  62.3 |       9 |       3 |  25.0
        D:4 |     345 |       0 |   0.0 |      18 |       0 |   0.0
        D:5 |     630 |      44 |   6.5 |      18 |       1 |   5.3
        D:6 |       6 |     216 |  97.3 |       2 |       2 |  50.0
            +---------+---------+-------+---------+---------+-------

Illustrated notes

Table legend:
 A = Kills in this place as a percentage of kills in entire the game.
 B = Kills by you in this place as a percentage of kills by you in the entire game.
 C = Kills by friends in this place as a percentage of kills by friends in the entire game.
 D = Other kills in this place as a percentage of other kills in the entire game.
 E = Experience gained in this place as a percentage of experience gained in the entire game.
 F = Experience gained in this place divided by the number of levels of this place that you have seen.
                   A       B       C       D       E      F
               +-------+-------+-------+-------+-------+----------------------
         Total | 100.0 | 100.0 |   N/A |   N/A | 100.0 | 311.3
       Dungeon | 100.0 | 100.0 |   N/A |   N/A | 100.0 | 311.3
               +-------+-------+-------+-------+-------+----------------------

Table legend: (Time is in decaauts)
 A = Elapsed time spent in this place.
 B = Non-inter-level travel time spent in this place.
 C = Inter-level travel time spent in this place.
 D = Time resting spent in this place.
 E = Time spent auto-exploring this place.
 F = Levels seen in this place.
 G = Mean time per level.
                   A        B        C        D        E       F      G
               +--------+--------+--------+--------+--------+-----+--------+
         Total |   5306 |   5135 |    171 |   1248 |   3204 |   6 |  884.3 |
       Dungeon |   5306 |   5135 |    171 |   1248 |   3204 |   6 |  884.3 |
               +--------+--------+--------+--------+--------+-----+--------+

Top non-repeatable levels by time:
     D:3: 1670 daAuts
     D:2: 1038 daAuts
     D:4: 939 daAuts
     D:1: 887 daAuts
     D:5: 660 daAuts
     D:6: 110 daAuts
